 Dungeon Crawl Stone Soup version 0.29.0-13-gc9e81de378 (webtiles) character file.

Game seed: 6397541574230949683

837 sentinel the Geomancer (level 8, 42/57 HPs)
             Began as a Meteoran Earth Elementalist on Sept 9, 2022.
             Was an Initiate of Elyvilon.
             Quit the game on level 9 of the Dungeon.
             The game lasted 00:06:07 (652 turns).

sentinel the Geomancer (Meteoran Earth Elementalist) Turns: 652, Time: 00:06:08

Health: 42/57      AC:  3    Str: 10    XL:     8   Next: 42%
Magic:  6/13       EV: 12    Int: 18    God:    Elyvilon [......]
Gold:   0          SH:  0    Dex: 15    Spells: 6/12 levels left

rFire   . . .      SeeInvis .   (no weapon)
rCold   . . .      Faith    .   (no shield)
rNeg    . . .      Spirit   .   a - +1 robe
rPois   .          Reflect  .   (no helmet)
rElec   .          Harm     .   (no cloak)
rCorr   .          Rampage  .   (no gloves)
Will    +....                   (no boots)
Stlth   +.........              (no amulet)
HPRegen 0.19/turn               (no ring)
MPRegen 0.13/turn               (no ring)

@: glowing
A: sense surroundings 1, otherworldly, glowing, explore regen
a: Renounce Religion


You were on level 9 of the Dungeon.
You worshipped Elyvilon.
Elyvilon was noncommittal.
You visited 2 branches of the dungeon, and saw 10 of its levels.

Inventory:

Armour
 a - a +1 robe (worn)
Wands
 I - a wand of iceblast (6)
Scrolls
 f - a scroll of brand weapon
Potions
 b - a potion of magic
 c - a potion of attraction {unknown}
 d - a potion of ambrosia {unknown}


   Skills:
 - Level 2.4 Dodging
 - Level 1.4 Stealth
 - Level 2.6 Spellcasting
 - Level 1.2 Transmutations
 + Level 11.0 Earth Magic


You had 6 spell levels left.
You knew the following spells:

 Your Spells              Type           Power      Damage    Failure   Level
a - Sandblast             Erth           84%        2d18      1%          1
b - Stone Arrow           Conj/Erth      44%        3d9       5%          3
c - Passwall              Tmut/Erth      20%        N/A       1%          2

Your spell library contained the following spells:

 Spells                   Type           Power      Damage    Failure   Level
 Petrify                  Tmut/Erth      24%        N/A       14%         4
 Ensorcelled Hibernation  Hex/Ice        4%         N/A       26%         2
 Spider Form              Tmut/Pois      4%         N/A       36%         3
 Swiftness                Air            2%         N/A       45%         3
 Anguish                  Hex/Necr       1%         N/A       86%         4


Dungeon Overview and Level Annotations

Branches:
Dungeon (9/15) Zot: 4778   Temple (1/1) D:7 Zot: 529    Lair (0/5) D:9
    Orc: D:9-12

Altars:
Ashenzari
Dithmenos
Elyvilon
Fedhas
Kikubaaqudgha
Makhleb
Nemelex Xobeh
Okawaru
Qazlal
Ru
Sif Muna
Trog
Uskayaw
Vehumet
Wu Jian
Xom
Yredelemnul
Zin
The Shining One

Annotations:
D:8 Pikel


Innate Abilities, Weirdness & Mutations

You passively map a small area around you.
You are easily found by Zot.
You glow in the dark.
You regain HP and MP as you explore.


Message History

The stone arrow hits the orc priest!
You kill the orc priest!
The orc wizard hits you but does no damage.
The gnoll hits you from afar with a +0 spear!
Casting: Stone Arrow (dangerous; 6% risk of failure)
Confirm with . or Enter, or press ? or * to list all spells.
Aiming: Stone Arrow (dangerous; 6% risk of failure)
Press: ? - help, Shift-Dir - straight line, f - orc wizard
Aim: an orc wizard, wielding a +0 dagger and wearing a +0 robe (lightly wounded, 64% to hit)
Okay, then.
The orc wizard gestures at you while chanting.
The magic dart hits you.
Found an escape hatch in the ceiling.
The orc wizard mumbles some strange words.
The orc wizard flickers and vanishes!
The gnoll attacks as you move away! The gnoll barely misses you.
Your magical contamination has completely faded away.
The gnoll attacks as you move away! The gnoll hits you with a +0 flail.
The orc hits you but does no damage. The orc attacks as you move away!
The orc closely misses you. The orc attacks as you move away!
The orc completely misses you. The orc attacks as you move away!
The orc hits you but does no damage. The orc attacks as you move away!
The orc closely misses you. The gnoll attacks as you move away!
The gnoll hits you with a +0 flail.
Found a stone staircase leading down.
The orc closely misses you.
The blast of sand hits the orc!
You kill the orc!
The gnoll hits you from afar with a +0 spear. x2
The blast of sand misses the gnoll.
The gnoll hits you but does no damage. The gnoll hits you with a +0 flail!
The blast of sand hits the gnoll!
You kill the gnoll!
Casting: Sandblast (safe; 1% risk of failure)
Confirm with . or Enter, or press ? or * to list all spells.
Okay, then.
Casting: Sandblast (safe; 1% risk of failure)
Confirm with . or Enter, or press ? or * to list all spells.
Aiming: Sandblast (safe; 1% risk of failure)
Press: ? - help, Shift-Dir - straight line, f - gnoll
Aim: a gnoll, wielding a +0 spear (86% to hit)
The blast of sand hits something!!
Reactivating autopickup.
You feel a bit more experienced.
The gnoll hits you from afar with a +0 spear.
Casting: Sandblast (safe; 1% risk of failure)
Confirm with . or Enter, or press ? or * to list all spells.
Aiming: Sandblast (safe; 1% risk of failure)
Press: ? - help, Shift-Dir - straight line, f/p - gnoll
Aim: a gnoll, wielding a +0 spear (86% to hit)
The blast of sand hits something!
The gnoll hits you from afar with a +0 spear!
Something hits you but does no damage.
Deactivating autopickup; reactivate with Ctrl-A.
The gnoll barely misses you. Something hits you.
Casting: Sandblast (safe; 1% risk of failure)
Confirm with . or Enter, or press ? or * to list all spells.
Aiming: Sandblast (safe; 1% risk of failure)
Press: ? - help, Shift-Dir - straight line, f/p - gnoll
Aim: a gnoll, wielding a +0 spear (86% to hit)
The blast of sand hits something!
Reactivating autopickup.
You feel a bit more experienced.
The gnoll hits you from afar with a +0 spear.
The blast of sand hits the gnoll.
The gnoll is heavily wounded.
The gnoll barely misses you.
The gnoll hits you from afar with a +0 spear.
The gnoll hits you with a +0 whip!
* * * LOW HITPOINT WARNING * * *
Casting: Sandblast (safe; 1% risk of failure)
Confirm with . or Enter, or press ? or * to list all spells.
Aiming: Sandblast (safe; 1% risk of failure)
Press: ? - help, Shift-Dir - straight line, f/p - gnoll
Aim: a gnoll, wielding a +0 whip (heavily wounded, 87% to hit)
The blast of sand hits the gnoll!
You kill the gnoll!
The gnoll hits you from afar with a +0 spear.
* * * LOW HITPOINT WARNING * * *
Casting: Sandblast (safe; 1% risk of failure)
Confirm with . or Enter, or press ? or * to list all spells.
Aiming: Stone Arrow (dangerous; 6% risk of failure)
Press: ? - help, Shift-Dir - straight line, f - gnoll
Aim: a gnoll, wielding a +0 spear (75% to hit)
The stone arrow misses the gnoll.
The gnoll closely misses you.
Casting: Stone Arrow (dangerous; 6% risk of failure)
Confirm with . or Enter, or press ? or * to list all spells.
Aiming: Stone Arrow (dangerous; 6% risk of failure)
Press: ? - help, Shift-Dir - straight line, f/p - gnoll
Aim: a gnoll, wielding a +0 spear (75% to hit)
The stone arrow hits the gnoll.
The gnoll is moderately wounded.
The gnoll barely misses you.
Casting: Stone Arrow (dangerous; 6% risk of failure)
Confirm with . or Enter, or press ? or * to list all spells.
You don't have enough magic to cast this spell.
Unknown command.
Casting: Stone Arrow (dangerous; 6% risk of failure)
Confirm with . or Enter, or press ? or * to list all spells.
Aiming: Sandblast (safe; 1% risk of failure)
Press: ? - help, Shift-Dir - straight line, f/p - gnoll
Aim: a gnoll, wielding a +0 spear (moderately wounded, 87% to hit)
The blast of sand hits the gnoll!
You kill the gnoll! 3 lemures come into view.
The lemure shouts!
The lemure moves out of view.
Pikel, Merchant of Souls comes into view.
He is wielding a +1 whip of flaming.
There is a stone staircase leading down here.
Pikel shouts!
You hear a shout! x2
You climb downwards.
You hear the roar of battle.
There is an entrance to a bailey on this level.
Hurry and find it before the portal closes forever!
There is a stone staircase leading up here.
A water moccasin comes into view.
The water moccasin hisses angrily.
You hear an angry hiss.
Something bites the fungus.
The fungus begins to die.
A scorpion comes into view.
A yak comes into view.
A water moccasin comes into view.
The blast of sand hits the water moccasin!
The water moccasin is heavily wounded.
The yak bellows!
Casting: Sandblast (safe; 1% risk of failure)
Confirm with . or Enter, or press ? or * to list all spells.
Aiming: Stone Arrow (dangerous; 6% risk of failure)
Press: ? - help, Shift-Dir - straight line, f/p - water moccasin
Aim: a water moccasin (heavily wounded, 53% to hit)
The stone arrow hits the water moccasin!
The water moccasin is almost dead.
A nearby fungus withers and dies.
The water moccasin closely misses you.
A water moccasin comes into view.
Casting: Stone Arrow (dangerous; 6% risk of failure)
Confirm with . or Enter, or press ? or * to list all spells.
Aiming: Stone Arrow (dangerous; 6% risk of failure)
Press: ? - help, Shift-Dir - straight line, f/p - water moccasin
Aim: a water moccasin (almost dead, 53% to hit)
Okay, then.
The blast of sand hits the water moccasin!
You kill the water moccasin!
The water moccasin hisses angrily.
The yak snorts and paws the ground.
A black bear comes into view.
The scorpion stings you but does no damage.
Your Earth Magic skill increases to level 11!
Okay, then.
Okay, then.
As you read the scroll of magic mapping, it crumbles to dust.
You feel aware of your surroundings.
You sensed 1 altar, and 1 shop/portal.
The scorpion stings you but does no damage.
A two-headed ogre comes into view.
It is wielding a +0 giant club and a +0 dire flail.
Are you sure you want to abandon this character and quit the game? (Confirm with "yes".)

*,,*,,*,*,*,*,,,,,,,,,,,,*,,*,*,*
*,,*,,,,*,*,*,*+**,,,,,,,*,,*,*,*
*,,******,*,#,*,,***+*****,,*,*,*
,,,*,,,,,.+,#.*,,,,,,,,,,,,,*,*,*
*,,,,,,,P..,#.##+##,,,,,,,,,*,,,*
*,,,,,,,..PP#...<.#,,,,,,,,,*****
,,,,,,,,P.........#,,,,,,,,,**,,,
,,,,,,,,PP........#,,,,,,,,,**,,,
,,,,,,,,P.PPP...@.#,,,,,,,,,****+
,,,,,,,,P.PP..Ss#.#,,,,,,,,,*,,,,
,,,,,,,,PPPPPS.Y#.#,,,,,,,,,+,*,,
,,,,,,,,.PP.......#***+******,,,,
,,,,,,,,....P.P.##.,,,,* *****
,,,,,,>,PhPPP....+.**,,* *,,,
,,,,,,,,,P....P#**..,,,* *,,,
,,,,,,,,,P..O..,,,..**** *****+*
,,,,,,,,,,,,,,,*,,*,* *,,,,,*


You could see a two-headed ogre (wandering), a yak, 2 water moccasins, a black
bear (wandering) and a scorpion.

Vanquished Creatures
  2 water moccasins
  A phantom (D:5)
  A necrophage (D:7)
  A scorpion (D:6)
  A jelly (D:6)
  A gnoll bouda (D:6)
  2 orc priests
  An iguana (D:6)
  Terence (D:3)
  4 orc wizards
  11 gnolls
  4 adders
  A dart slug (D:2)
  10 orcs
  A quokka (D:2)
  3 ball pythons
  2 bats
  A frilled lizard (D:3)
  2 kobolds
  2 rats (D:3)
52 creatures vanquished.

Vanquished Creatures (others)
  2 fungi (D:9)
2 creatures vanquished.

Grand Total: 54 creatures vanquished

Notes
Turn   | Place    | Note
-------+----------+-------------------------------------------
     0 | D:1      | sentinel the Meteoran Earth Elementalist began the quest
                  | for the Orb.
     0 | D:1      | Reached XP level 1. HP: 14/14 MP: 5/5
    23 | D:2      | Reached skill level 4 in Earth Magic
    23 | D:2      | Reached XP level 2. HP: 8/20 MP: 0/6
    42 | D:2      | Learned a level 2 spell: Passwall
    68 | D:3      | Reached XP level 3. HP: 26/26 MP: 8/8
    72 | D:3      | Learned a level 3 spell: Stone Arrow
    80 | D:3      | Reached skill level 5 in Earth Magic
   110 | D:3      | Noticed Terence
   113 | D:3      | Killed Terence
   114 | D:3      | Reached XP level 4. HP: 33/33 MP: 2/9
   167 | D:4      | Noticed a profane servitor
   167 | D:4      | Found a basalt altar of Yredelemnul.
   178 | D:4      | Found a glowing golden altar of the Shining One.
   197 | D:5      | Entered Level 5 of the Dungeon
   197 | D:5      | Noticed a phantom
   200 | D:5      | Killed a phantom
   201 | D:5      | Reached skill level 6 in Earth Magic
   201 | D:5      | Reached XP level 5. HP: 31/38 MP: 7/10
   256 | D:6      | Found a sacrificial altar of Ru.
   278 | D:6      | Reached skill level 7 in Earth Magic
   278 | D:6      | Reached XP level 6. HP: 45/45 MP: 8/11
   319 | D:6      | Reached skill level 8 in Earth Magic
   326 | D:6      | Noticed a water moccasin
   332 | D:6      | Killed a water moccasin
   333 | D:6      | Reached XP level 7. HP: 37/50 MP: 0/12
   357 | D:6      | Reached skill level 9 in Earth Magic
   492 | D:7      | Found a staircase to the Ecumenical Temple.
   496 | D:7      | Reached skill level 10 in Earth Magic
   496 | D:7      | Reached XP level 8. HP: 54/57 MP: 4/13
   503 | Temple   | Entered the Ecumenical Temple
   564 | Temple   | Became a worshipper of Elyvilon the Healer
   643 | D:8      | Noticed Pikel
   646 | D:9      | Noticed a yak
   651 | D:9      | Reached skill level 11 in Earth Magic
   651 | D:9      | Noticed a two-headed ogre
   652 | D:9      | Quit the game

Illustrated notes

Levels and vault maps discovered:
D:1:      evilmike_arrival_crescent, layout_basic,
          dreamdust_ecumenical_altar_hidden_monk_grotto,
          minmay_indecisive_spiral
D:2:      layout_basic, basic_altar
D:3:      layout_basic, lemuel_doored_altar, ebering_ghost_reflecting_pool,
          minmay_checkerbox, uniq_terence, uniq_ijyb
D:4:      layout_basic, grunt_temple_overflow_holy_war
D:5:      layout_loops_ring
D:6:      layout_loops_cross, mainiacjoe_overflow_brackets
D:7:      layout_basic, minmay_temple_entry_glassed_door,
          chequers_serial_rivers_micro_a
D:8:      layout_cave_pods, grunt_potential, uniq_pikel
D:9:      layout_stronghold, lemuel_tele_altar, due_lair_maze_entry_diamond,
          enter_bailey_2, wad_rectangle_vault
Temple:   nicolae_temple_bog_church

Skill      XL: |  1  2  3  4  5  6  7  8 |
---------------+-------------------------+-----
Earth Magic    | 4 5 6 7 8 10 11 | 11.0
Dodging        | |  2.4
Stealth        | |  1.4
Spellcasting   | |  2.6
Transmutations | |  1.2

Action                   |  1- 3 |  4- 6 |  7- 9 || total
-------------------------+-------+-------+-------++-------
Melee: Unarmed           |       |       |     1 ||     1
 Cast: Sandblast         |    12 |    28 |    37 ||    77
       Stone Arrow       |     2 |     1 |    11 ||    14
       Passwall          |     1 |       |       ||     1
  Use: Scroll            |       |     4 |     4 ||     8
Armor: Robe              |     2 |     1 |    12 ||    15
Dodge: Dodged            |     2 |     9 |    17 ||    28
